3A
LOUISIANA DRAGOONS @ HAMMOND HERONS
07/27/2027
 
TOP OF THE 1ST
Louisiana Dragoons batting - Pitching for Hammond Herons : RHP Gregory Bahena
Pitching: RHP Gregory Bahena
Batting: SHB Ángel Costa 0-0: Ground out 6-3 (Groundball, 6)
Batting: RHB José Luque 0-0: Ball
1-0: Foul Ball, location: 2F
1-1: Ball
2-1: Called Strike
2-2: Foul Ball, location: 2F
2-2: Ball
3-2: Base on Balls
Batting: RHB Holden Markoff 0-0: Ball
1-0: Ball
2-0: Swinging Strike
2-1: SINGLE (Groundball, 34D)
José Luque to second
Runner from 2nd tries for 3rd, SAFE, throw made to third
Batting: RHB Giuseppe Provolone 0-0: Foul Ball, location: 2F
0-1: Ball
1-1: Grounds into double play, 5-4-3 (Groundball, 5)
Top of the 1st over - 0 run(s), 1 hit(s), 0 error(s), 1 left on base; Louisiana 0 - Hammond 0
BOTTOM OF THE 1ST
Hammond Herons batting - Pitching for Louisiana Dragoons : LHP Andrew Holloway
Pitching: LHP Andrew Holloway
Batting: RHB Bill Rinck 0-0: Called Strike
0-1: Ball
1-1: Swinging Strike
1-2: Fly out, F8 (Flyball, 8LM)
Batting: LHB Marcos Costa 0-0: Called Strike
0-1: Foul Ball, location: 2F
0-2: Foul Ball, location: 2F
0-2: Foul Ball, location: 2F
0-2: Ball
1-2: Ball
2-2: Ground out 6-3 (Groundball, 6)
Batting: RHB Fernando Martínez 0-0: Ball
1-0: Fly out, F8 (Flyball, 8RM)
Bottom of the 1st over - 0 run(s), 0 hit(s), 0 error(s), 0 left on base; Louisiana 0 - Hammond 0
TOP OF THE 2ND
Louisiana Dragoons batting - Pitching for Hammond Herons : RHP Gregory Bahena
Batting: SHB Ed Blackett 0-0: Ball
1-0: Swinging Strike
1-1: Called Strike
1-2: Ball
2-2: Ground out 5-3 (Groundball, 56S)
Batting: RHB Felipe Palazzola 0-0: Swinging Strike
0-1: Ball
1-1: Foul Ball, location: 2F
1-2: Foul Ball, location: 2F
1-2: Strikes out swinging
Batting: RHB Nelson Muntz 0-0: Ball
1-0: Foul Ball, location: 2F
1-1: Ball
2-1: Ground out 1-3 (Groundball, 15S)
Top of the 2nd over - 0 run(s), 0 hit(s), 0 error(s), 0 left on base; Louisiana 0 - Hammond 0
BOTTOM OF THE 2ND
Hammond Herons batting - Pitching for Louisiana Dragoons : LHP Andrew Holloway
Batting: LHB Alexis Raimbault 0-0: Called Strike
0-1: Ball
1-1: Ball
2-1: Ball
3-1: Called Strike
3-2: Foul Ball, location: 2F
3-2: Foul Ball, location: 2F
3-2: Strikes out swinging
Batting: RHB Carlos González 0-0: Ball
1-0: Called Strike
1-1: Swinging Strike
1-2: Ball
2-2: Ball
3-2: Ground out 6-3 (Groundball, 6)
Batting: RHB David Meléndez 0-0: Foul Ball, location: 2F
0-1: Swinging Strike
0-2: Ball
1-2: Ball
2-2: Ball
3-2: Base on Balls
Batting: LHB Alfred Miles 0-0: Called Strike
0-1: Ball
1-1: Foul Ball, location: 2F
1-2: Ball
2-2: Ball
3-2: Strikes out looking
Bottom of the 2nd over - 0 run(s), 0 hit(s), 0 error(s), 1 left on base; Louisiana 0 - Hammond 0
TOP OF THE 3RD
Louisiana Dragoons batting - Pitching for Hammond Herons : RHP Gregory Bahena
Batting: RHB Carlos Ceslero 0-0: Ball
1-0: Called Strike
1-1: Called Strike
1-2: Ball
2-2: Strikes out looking
Batting: RHB José Mendoza 0-0: Called Strike
0-1: Swinging Strike
0-2: Ball
1-2: Ball
2-2: Strikes out swinging
Batting: SHB Ángel Costa 0-0: Ball
1-0: Fly out, F7 (Flyball, 78S)
Top of the 3rd over - 0 run(s), 0 hit(s), 0 error(s), 0 left on base; Louisiana 0 - Hammond 0
BOTTOM OF THE 3RD
Hammond Herons batting - Pitching for Louisiana Dragoons : LHP Andrew Holloway
Batting: LHB Wilson López 0-0: Called Strike
0-1: Ball
1-1: Ball
2-1: Ball
3-1: Ground out 5-3 (Groundball, 56S)
Batting: RHB Gomez Talone 0-0: Ball
1-0: Ball
2-0: Foul Ball, location: 2F
2-1: Ball
3-1: Called Strike
3-2: Fly out, F9 (Flyball, 9S)
Batting: RHB Bill Rinck 0-0: SINGLE (Line Drive, 8RS)
Batting: LHB Marcos Costa 0-0: Called Strike
0-1: Ball
1-1: Swinging Strike
1-2: Ball
Bill Rinck is caught stealing 2nd base
Bottom of the 3rd over - 0 run(s), 1 hit(s), 0 error(s), 0 left on base; Louisiana 0 - Hammond 0
TOP OF THE 4TH
Louisiana Dragoons batting - Pitching for Hammond Herons : RHP Gregory Bahena
Batting: RHB José Luque 0-0: Ball
1-0: Ball
2-0: Called Strike
2-1: Fly out, F7 (Flyball, 78D)
Batting: RHB Holden Markoff 0-0: Called Strike
0-1: Foul Ball, location: 2F
0-2: Ball
1-2: Strikes out swinging
Batting: RHB Giuseppe Provolone 0-0: Called Strike
0-1: SINGLE (Line Drive, 8RS)
Batting: SHB Ed Blackett 0-0: Ball
1-0: Ball
2-0: Ball
3-0: Called Strike
3-1: Fly out, F8 (Flyball, 8LM)
Top of the 4th over - 0 run(s), 1 hit(s), 0 error(s), 1 left on base; Louisiana 0 - Hammond 0
BOTTOM OF THE 4TH
Hammond Herons batting - Pitching for Louisiana Dragoons : LHP Andrew Holloway
Batting: LHB Marcos Costa 0-0: Ball
1-0: Bunted foul
1-1: Swinging Strike
1-2: Fly out, F8 (Flyball, 8RS)
Batting: RHB Fernando Martínez 0-0: Ball
1-0: Called Strike
1-1: Ball
2-1: Swinging Strike
2-2: Ball
3-2: SINGLE (Line Drive, 56D)
Batting: LHB Alexis Raimbault 0-0: Fly out, F4 (Line Drive, 34D)
Batting: RHB Carlos González 0-0: Ball
1-0: Ball
2-0: Called Strike
2-1: Called Strike
2-2: Strikes out swinging
Bottom of the 4th over - 0 run(s), 1 hit(s), 0 error(s), 1 left on base; Louisiana 0 - Hammond 0
TOP OF THE 5TH
Louisiana Dragoons batting - Pitching for Hammond Herons : RHP Gregory Bahena
Batting: RHB Felipe Palazzola 0-0: Ground out 6-3 (Groundball, 6)
Batting: RHB Nelson Muntz 0-0: Foul Ball, location: 2F
0-1: Ball
1-1: Foul Ball, location: 2F
1-2: Foul Ball, location: 2F
1-2: Fly out, F1 (Line Drive, 13)
Batting: RHB Carlos Ceslero 0-0: Ball
1-0: Called Strike
1-1: Called Strike
1-2: Foul Ball, location: 2F
1-2: Strikes out swinging
Top of the 5th over - 0 run(s), 0 hit(s), 0 error(s), 0 left on base; Louisiana 0 - Hammond 0
BOTTOM OF THE 5TH
Hammond Herons batting - Pitching for Louisiana Dragoons : LHP Andrew Holloway
Batting: RHB David Meléndez 0-0: Ball
1-0: Ball
2-0: Called Strike
2-1: Ball
3-1: Ground out 5-3 (Groundball, 5)
Batting: LHB Alfred Miles 0-0: Called Strike
0-1: Ball
1-1: Called Strike
1-2: Fly out, F7 (Flyball, 7LSF)
Batting: LHB Wilson López 0-0: Ball
1-0: Ground out 4-3 (Groundball, 4)
Bottom of the 5th over - 0 run(s), 0 hit(s), 0 error(s), 0 left on base; Louisiana 0 - Hammond 0
TOP OF THE 6TH
Louisiana Dragoons batting - Pitching for Hammond Herons : RHP Gregory Bahena
Batting: RHB José Mendoza 0-0: Called Strike
0-1: Swinging Strike
0-2: Strikes out swinging
Batting: SHB Ángel Costa 0-0: Called Strike
0-1: Ball
1-1: SINGLE (Line Drive, 4D)
Batting: RHB José Luque 0-0: Called Strike
Ángel Costa steals 2nd base
0-1: Ball
Ángel Costa steals 3rd base
1-1: SINGLE (Line Drive, 6M)
Ángel Costa scores
Batting: RHB Holden Markoff 0-0: Called Strike
0-1: Fly out, F4 (Popup, 4)
Batting: RHB Giuseppe Provolone 0-0: Ball
1-0: Foul Ball, location: 2F
1-1: Ball
2-1: Foul Ball, location: 2F
2-2: Strikes out looking
Top of the 6th over - 1 run(s), 2 hit(s), 0 error(s), 1 left on base; Louisiana 1 - Hammond 0
BOTTOM OF THE 6TH
Hammond Herons batting - Pitching for Louisiana Dragoons : LHP Andrew Holloway
Batting: RHB Gomez Talone 0-0: Ball
1-0: Called Strike
1-1: Reached on error, E3 (Groundball, 34S)
Batting: RHB Bill Rinck 0-0: Sac Bunt - play at first, batter safe!
Gomez Talone to second
Batting: LHB Marcos Costa 0-0: Bunted foul
0-1: Sac Bunt - play at first, batter OUT! 5-4
Gomez Talone to third
Bill Rinck to second
Batting: RHB Fernando Martínez 0-0: Called Strike
0-1: Fly out, F6 (Line Drive, 6)
Lined into DP, 6-4 (Line Drive, 6)
Bottom of the 6th over - 0 run(s), 1 hit(s), 1 error(s), 1 left on base; Louisiana 1 - Hammond 0
TOP OF THE 7TH
Louisiana Dragoons batting - Pitching for Hammond Herons : RHP Gregory Bahena
Batting: SHB Ed Blackett 0-0: Called Strike
0-1: Swinging Strike
0-2: Fly out, F8 (Line Drive, 8RM)
Batting: RHB Felipe Palazzola 0-0: Called Strike
0-1: Ball
1-1: Ball
2-1: Ground out 6-3 (Groundball, 6)
Batting: RHB Nelson Muntz 0-0: Fly out, F9 (Flyball, 9)
Top of the 7th over - 0 run(s), 0 hit(s), 0 error(s), 0 left on base; Louisiana 1 - Hammond 0
BOTTOM OF THE 7TH
Hammond Herons batting - Pitching for Louisiana Dragoons : LHP Andrew Holloway
Batting: LHB Alexis Raimbault 0-0: Ball
1-0: Called Strike
1-1: Ball
2-1: SINGLE (Line Drive, 6MD)
Batting: RHB Carlos González 0-0: Ball
Wild Pitch!
Alexis Raimbault to second
1-0: SINGLE (Line Drive, 56)
Alexis Raimbault to third
Pitching: RHP Cornelius Bigelow
Pinch Hitting: RHB Héctor Rivera 0-0: Ground out 5-3 (Groundball, 56S)
Carlos González to second
Batting: LHB Alfred Miles 0-0: Foul Ball, location: 2F
0-1: Swinging Strike
0-2: Ball
1-2: Ball
2-2: TRIPLE (Flyball, 78XD)
Alexis Raimbault scores
Carlos González scores
Pinch Hitting: RHB Éric Leroux 0-0: Intentional Walk
Batting: RHB Gomez Talone 0-0: Ball
1-0: Foul Ball, location: 2F
1-1: Swinging Strike
1-2: Strikes out looking
Batting: RHB Bill Rinck 0-0: Called Strike
0-1: Fly out, F8 (Flyball, 78S)
Bottom of the 7th over - 2 run(s), 3 hit(s), 0 error(s), 2 left on base; Louisiana 1 - Hammond 2
TOP OF THE 8TH
Louisiana Dragoons batting - Pitching for Hammond Herons : RHP Gregory Bahena
Now at 2B: Landon Edwards
Now at SS: Éric Leroux
Batting: RHB Carlos Ceslero 0-0: Ball
1-0: Ball
2-0: Fly out, F7 (Flyball, 78M)
Batting: RHB José Mendoza 0-0: Ball
1-0: Called Strike
1-1: Foul Ball, location: 2F
1-2: Strikes out swinging
Batting: SHB Ángel Costa 0-0: Ball
1-0: Ball
2-0: Called Strike
2-1: SINGLE (Groundball, 34D)
Pinch Hitting: RHB Rodrigo Rodríguez 0-0: Ball
Ángel Costa is caught stealing 2nd base
Top of the 8th over - 0 run(s), 1 hit(s), 0 error(s), 0 left on base; Louisiana 1 - Hammond 2
BOTTOM OF THE 8TH
Hammond Herons batting - Pitching for Louisiana Dragoons : RHP Cornelius Bigelow
Now at 3B: Rodrigo Rodríguez
Batting: LHB Marcos Costa 0-0: Foul Ball, location: 2F
0-1: Ball
1-1: Ball
2-1: SINGLE (Flyball, 89S)
Batting: RHB Fernando Martínez 0-0: Ball
1-0: Ball
2-0: Grounds into double play, 6-4-3 (Groundball, 6)
Batting: LHB Alexis Raimbault 0-0: Called Strike
0-1: Foul Ball, location: 2F
0-2: Foul Ball, location: 2F
0-2: Fly out, F8 (Flyball, 89M)
Bottom of the 8th over - 0 run(s), 1 hit(s), 0 error(s), 0 left on base; Louisiana 1 - Hammond 2
TOP OF THE 9TH
Louisiana Dragoons batting - Pitching for Hammond Herons : RHP Gregory Bahena
Pitching: LHP Kris Ross
Batting: RHB Rodrigo Rodríguez 0-0: Called Strike
0-1: Ball
1-1: Ball
2-1: Ball
3-1: Called Strike
3-2: Foul Ball, location: 2F
3-2: SINGLE (Groundball, 6MS) (infield hit)
Batting: RHB Holden Markoff 0-0: Ball
1-0: Called Strike
1-1: Ball
2-1: Foul Ball, location: 2F
2-2: Ball
3-2: Reached on error, E5 (Groundball, 5)
Rodrigo Rodríguez to second
Pinch Hitting: RHB José Ortíz 0-0: Foul Ball, location: 2F
0-1: Foul Ball, location: 2F
0-2: Foul Ball, location: 2F
0-2: Ball
1-2: Strikes out looking
Pinch Hitting: RHB Walt Norrish 0-0: Ball
1-0: Swinging Strike
1-1: Called Strike
1-2: Ball
2-2: Foul Ball, location: 2F
2-2: Ball
3-2: Strikes out swinging
Batting: RHB Felipe Palazzola 0-0: Called Strike
0-1: Ball
1-1: Foul Ball, location: 2F
1-2: Strikes out looking
Top of the 9th over - 0 run(s), 1 hit(s), 1 error(s), 2 left on base; Louisiana 1 - Hammond 2
Saturday, May 26th, 2018 - OOTP Baseball 17.12 Build 75